 Dungeon Crawl Stone Soup version 0.16-a0-2675-g216447c (console) character file.

593 utis the Conjurer (level 7, -18/36 HPs)
             Began as a Deep Elf Earth Elementalist on Nov 24, 2014.
             Demolished by an ogre
             ... wielding a +0 giant club
              (30 damage)
             ... on level 4 of the Dungeon.
             The game lasted 00:13:39 (5989 turns).

utis the Conjurer (Deep Elf Earth Elementalist)     Turns: 5989, Time: 00:13:39

Health: -18/36     AC:  6    Str:  7    XL:     7   Next: 16%
Magic:  18/20      EV:  9    Int: 20    God:
Gold:   192        SH:  0    Dex: 15    Spells: 4 memorised, 3 levels left

rFire  . . .     SeeInvis .     b - 158 stones {=f}
rCold  . . .     Clarity  .     s - +0 ring mail
rNeg   . . .     SustAb   .     (no shield)
rPois  .         Gourm    .     (no helmet)
rElec  .         Spirit   .     e - +0 cloak
rCorr  .         Warding  .     (no gloves)
rMut   .         Stasis   .     (no boots)
MR     .....                    (no amulet)
Stlth  +.........               (no ring)
                                (no ring)

@: lethally poisoned, not resistant to hostile enchantments, very unstealthy
A: no striking features
a: no special abilities


You were on level 4 of the Dungeon.
You were not hungry.

You visited 1 branch of the dungeon, and saw 4 of its levels.

You collected 192 gold pieces.

Inventory:

Hand weapons
 a - a +0 flail
 t - a +0 hunting sling
Missiles
 b - 158 stones (in hand) {=f}
 f - 6 poisoned needles
 j - 46 sling bullets
 x - 5 javelins (quivered)
Armour
 c - a +0 robe
 e - a +0 cloak (worn)
 g - a +0 leather armour
 k - a +0 helmet
 p - a +0 scale mail
 s - a +0 ring mail (worn)
Magical devices
 u - a wand of fireball (7)
Scrolls
 h - a scroll of teleportation {!r}
 l - a scroll of blinking {unknown}
 v - 2 scrolls of remove curse
 y - 2 scrolls of noise {unknown}
 z - a scroll of identify
 B - a scroll of enchant armour {unknown}
Potions
 i - a potion of cure mutation {!q}
 n - 2 potions of restore abilities
 r - a potion of lignification {unknown}
 w - 4 potions of curing {unknown}
Books
 d - a book of Geomancy

   Spells                             Type                      Level
   *Sandblast                         Earth                        1
   *Stoneskin                         Transmutation/Earth          2
   *Passwall                          Transmutation/Earth          3
   *Stone Arrow                       Conjuration/Earth            3
   Petrify                            Transmutation/Earth          4
   Lee's Rapid Deconstruction         Earth                        5
Comestibles
 m - 3 beef jerkies
 o - 4 bread rations
 q - 3 meat rations


   Skills:
 + Level 2.2 Armour
 + Level 4.2 Dodging
 - Level 2.4 Stealth
 - Level 3.0 Spellcasting
 - Level 5.6 Conjurations
 - Level 1.1 Transmutations
 - Level 5.0 Earth Magic


You had 3 spell levels left.
You knew the following spells:

 Your Spells              Type           Power        Failure   Level  Hunger
a - Sandblast             Erth           ###...       6%          1    None
b - Stone Arrow           Conj/Erth      ###...       12%         3    ###....
o - Stoneskin             Trmt/Erth      ###.....     17%         2    ##.....
Z - Passwall              Trmt/Erth      ###.......   34%         3    ###....


Dungeon Overview and Level Annotations

Branches:
Dungeon (4/15)
 Temple: D:4-7

Altars:
Fedhas
Makhleb
The Shining One


Message History

You kill the kobold!
You feel sick.
You feel sick.
You feel sick.
b - 159 stones (in hand) {=f} You feel sick.
Casting: Sandblast
Confirm with . or Enter, or press ? or * to list all spells.
Aiming: Sandblast
Press: ? - help, Shift-Dir - straight line, f - ogre
Aim: an ogre, wielding a giant club The rocky blast hits the ogre.
The ogre is heavily wounded.
You feel sick. The ogre hits you with a giant club!
* * * LOW HITPOINT WARNING * * *
You feel sick.
You feel sick. The ogre hits you with a giant club!!
Ouch! That really hurt!
You die...

▓................ ▓▓▓▓▓▓▓▓
▓.▓▓▓▓......▓▓▓▓ ▓
▓.▓.........▓ ▓ ▓.▓.▓.▓▓.▓▓▓▓
▓ ▓.▓.▓..▓.▓▓▓▓▓▓▓.▓ ▓
▓.▓➘▓............▓ ▓▓▓▓▓▓
▓.▓.▓..▓.▓▓▓▓▓▓▓▓▓ ▓.....
▓.▓....▓.▓▓▓▓▓▓▓▓▓▓▓▓.▓▓▓▓
▓▓▓▓.......Oe................
.........▓▓.▓▓▓▓▓▓▓▓▓▓▓▓.▓▓▓▓
.▓▓▓▓▓▓▓▓▓▓.▓ ▓.▓ ▓.▓ ▓.▓ ▓.▓
▓.▓ ▓.. ▓.▓ ▓▓▓ ▓.▓ ▓.▓
▓.▓▓▓▓


You could see an ogre.

Vanquished Creatures
  The ghost of utis the Digger, an average DEEE (D:3)
  Sigmund (D:3)
  A hound (D:4)
  An orc priest (D:3)
  An orc wizard (D:3)
  An iguana (D:4)
  Natasha (D:3)
  4 worker ants (D:4)
  Ijyb (D:4)
  Jessica (D:3)
  Robin (D:3)
  An adder (D:3)
  A gnoll (D:1)
  2 giant mites
  3 worms
  2 oozes (D:3)
  4 orcs
  A bat skeleton (D:4)
  4 giant cockroaches
  10 hobgoblins
  10 kobolds
  2 quokkas
  2 ball pythons (D:4)
  14 bats
  A giant gecko (D:3)
  3 giant newts
  15 goblins
  12 rats
101 creatures vanquished.

Notes
Turn   | Place    | Note
--------------------------------------------------------------
     0 | D:1      | utis, the Deep Elf Earth Elementalist, began the quest for the Orb.
     0 | D:1      | Reached XP level 1. HP: 10/10 MP: 5/5
   529 | D:1      | Reached XP level 2. HP: 15/15 MP: 3/8
   578 | D:1      | Reached skill level 4 in Earth Magic
   727 | D:1      | Reached XP level 3. HP: 19/19 MP: 3/10
  1335 | D:1      | Reached skill level 5 in Earth Magic
  1341 | D:1      | Learned a level 3 spell: Stone Arrow
  1344 | D:1      | Learned a level 2 spell: Stoneskin
  1852 | D:2      | Reached skill level 1 in Conjurations
  2050 | D:2      | Found a glowing golden altar of the Shining One.
  2264 | D:2      | Reached XP level 4. HP: 20/24 MP: 9/13
  2927 | D:3      | Noticed Robin
  2975 | D:3      | Killed Robin
  2975 | D:3      | Reached XP level 5. HP: 24/28 MP: 4/16
  3210 | D:3      | Noticed Sigmund
  3216 | D:3      | Killed Sigmund
  3256 | D:3      | Noticed utis' ghost (average DEEE)
  3306 | D:3      | Killed utis' ghost
  3306 | D:3      | Reached skill level 5 in Conjurations
  3306 | D:3      | Reached XP level 6. HP: 29/32 MP: 9/18
  3630 | D:3      | Noticed Jessica
  3682 | D:3      | Killed Jessica
  4406 | D:3      | Noticed Natasha
  4436 | D:3      | Killed Natasha
  4436 | D:3      | Reached skill level 1 in Armour
  4960 | D:4      | Noticed Ijyb
  4973 | D:4      | Killed Ijyb
  5043 | D:4      | Found a burning altar of Makhleb.
  5258 | D:4      | Reached XP level 7. HP: 36/36 MP: 16/20
  5443 | D:4      | Learned a level 3 spell: Passwall
  5961 | D:4      | Found a blossoming altar of Fedhas.
  5989 | D:4      | Demolished by an ogre

Action                   |  1- 3 |  4- 6 |  7- 9 || total
-------------------------+-------+-------+-------++-------
Melee: Flail             |     1 |     1 |       ||     2
Throw: Javelin           |       |     6 |     1 ||     7
 Cast: Sandblast         |    88 |   107 |    24 ||   219
       Stone Arrow       |       |     6 |     2 ||     8
  Use: Scroll            |     2 |     2 |       ||     4
  Eat: Chunk             |     4 |     9 |     3 ||    16
